 Dungeon Crawl Stone Soup version 0.22.1-2-g9c5b331 (webtiles) character file.

6801 Monzz the Markscentaur (level 10, 0/83 HPs)
             Began as a Centaur Hunter on Jan 3, 2019.
             Was a High Priest of Okawaru.
             Slain by a red ugly thing (23 damage)
             ... on level 11 of the Dungeon.
             The game lasted 00:42:08 (11229 turns).

Monzz the Markscentaur (Centaur Hunter)            Turns: 11229, Time: 00:42:09

Health: 0/83       AC:  9    Str: 15    XL:     10   Next: 76%
Magic:  12/12      EV:  7    Int: 10    God:    Okawaru [*****.]
Gold:   552        SH:  0    Dex: 13    Spells: 9/9 levels left

rFire    . . .     SeeInvis +   Q - +2 shortbow (velocity)
rCold    + . .     Gourm    .   (shield currently unavailable)
rNeg     . . .     Faith    +   E - +1 scale mail {rC+}
rPois    +         Spirit   .   F - +0 helmet
rElec    .         Reflect  .   (no cloak)
rCorr    .         Harm     .   (no gloves)
MR       .....                  (no barding)
Stlth    ..........             h - amulet of faith
HPRegen  0.23/turn              z - ring of poison resistance
MPRegen  0.13/turn              G - ring "Rowual" {rPois SInv}

@: very slightly contaminated, very quick
A: large, hooves 3, deformed body, speed 2, tough skin 3
a: Heroism, Finesse, Renounce Religion


You were on level 11 of the Dungeon.
You worshipped Okawaru.
Okawaru was extremely pleased with you.
You were not hungry.

You visited 2 branches of the dungeon, and saw 12 of its levels.

You collected 552 gold pieces.

Inventory:

Hand Weapons
 a - a +2 shortbow of freezing
 b - a +0 short sword
 c - the +4 long sword of Governance {flame, rElec Dex-3 Stlth+, unknown}
   (You found it on level 9 of the Dungeon)

   It has been specially enchanted to burn those struck by it, causing extra
   injury to most foes and up to half again as much damage against particularly
   susceptible opponents.
   Big, fiery blades are also staple armaments of hydra-hunters.
   It affects your dexterity (-3).
   It insulates you from electricity.
   It makes you more stealthy.
 Q - a +2 shortbow of velocity (weapon)
Missiles
 d - 227 arrows (quivered)
Armour
 w - the +4 large shield "Zaesovy" {MR+ Dex+3, unknown}
   (You found it on level 4 of the Dungeon)

   It affects your dexterity (+3).
   It affects your resistance to hostile enchantments.
 E - a +1 scale mail of cold resistance (worn)
 F - a +0 helmet (worn)
 O - a +0 troll leather armour
Jewellery
 h - an amulet of faith (around neck)
 q - an uncursed amulet of magic regeneration
 u - an uncursed ring of positive energy
 v - an uncursed ring of stealth
 z - a ring of poison resistance (left hand)
 B - an uncursed ring of wizardry
 G - the ring "Rowual" (right hand) {rPois SInv}
   (You found it on level 8 of the Dungeon)

   [ring of see invisible]

   It protects you from poison.
   It lets you see invisible.
Wands
 t - a wand of disintegration (11)
Scrolls
 e - a scroll of blinking
 i - a scroll of fear
 m - 4 scrolls of identify
 p - 3 scrolls of teleportation
 r - 2 scrolls of remove curse
 y - a scroll of magic mapping
 A - 3 scrolls of immolation
 J - a scroll of fog
 R - a scroll of summoning
Potions
 j - 4 potions of curing
 k - 4 potions of mutation
 n - 3 potions of heal wounds {unknown}
 o - a potion of haste
 s - a potion of ambrosia
 x - 3 potions of lignification {unknown}
 C - 2 potions of magic
 D - 2 potions of agility {unknown}
 I - a potion of brilliance {unknown}
 L - a potion of resistance
 M - a potion of might {unknown}
 P - a potion of invisibility {unknown}
Comestibles
 f - 25 rations


   Skills:
 * Level 6.0 Fighting
 * Level 16.2 Bows
 * Level 4.2 Armour
 - Level 1.3 Dodging
 - Level 0.4 Stealth
 * Level 5.3 Unarmed Combat
 * Level 3.9 Invocations
 + Level 0.2 Evocations


You had 9 spell levels left.
You didn't know any spells.
Your spell library contained the following spells:

 Spells                   Type           Power        Failure   Level  Hunger
 Animate Skeleton         Necr           N/A          80%         1    ##.....
 Confusing Touch          Hex            #.....       80%         1    ##.....
 Pain                     Necr           #...         80%         1    ##.....
 Confuse                  Hex            #.......     99%         3    ####...
 Gell's Gravitas          Tloc           #.........   99%         3    ####...
 Regeneration             Chrm/Necr      #.........   99%         3    ####...
 Vampiric Draining        Necr           #.........   99%         3    ####...
 Animate Dead             Necr           N/A          100%        4    #####..
 Petrify                  Tmut/Erth      #.......     100%        4    #####..
 Metabolic Englaciation   Hex/Ice        #.........   100%        5    ######.
 Yara's Violent Unravell  Hex/Tmut       #.........   100%        5    ######.


Dungeon Overview and Level Annotations

Branches:
Dungeon (11/15)            Temple (1/1) D:5            Lair (0/6) D:11
    Orc (0/2) D:10

Altars:
Ashenzari
Cheibriados
Dithmenos
Elyvilon
Fedhas
Gozag
Hepliaklqana
Kikubaaqudgha
Okawaru
Qazlal
Sif Muna
Trog
Uskayaw
Vehumet
Wu Jian
Xom
Yredelemnul
Zin
The Shining One

Shops:
D:8 (

Annotations:
D:10 exclusion: obsidian statue


Innate Abilities, Weirdness & Mutations

You have hooves in place of feet.
Armour fits poorly on your strangely shaped body.
You cover ground very quickly.
You have extremely tough skin. (AC +3)


Message History

The red ugly thing resists with some effort.
Aiming: Disintegrate
Press: ? - help, Shift-Dir - straight line, f/p - red ugly thing
Aim: a red ugly thing (lightly wounded, chance to defeat MR: 50%)
The red ugly thing is blasted.
Aiming: Disintegrate
Press: ? - help, Shift-Dir - straight line, f/p - red ugly thing
Aim: a red ugly thing (heavily wounded, chance to defeat MR: 50%)
The red ugly thing is blasted.
Aiming: Disintegrate
Press: ? - help, Shift-Dir - straight line, f/p - red ugly thing
Aim: a red ugly thing (heavily wounded, chance to defeat MR: 50%)
The red ugly thing is blasted.
There is a stone staircase leading down here.
There is an open door here.
The red ugly thing closely misses you. The red ugly thing gores you!
* * * LOW HITPOINT WARNING * * *
You are engulfed in flames!!
You die...

##############
#............#
#............#
###'##.......## ##
#..>.######### #.
#..u.# #. #.@..# #.
#....#### #######.
#.......# #.......
#.......# #.......
#.......# #.......
#.......# #.......
#.......# #.......
#.......# #.......
#.......####.......


You could see a red ugly thing.

Vanquished Creatures
  Erica (D:8)
  Urug (D:11)
  Pikel (D:5)
  A komodo dragon (D:11)
  A troll (D:10)
  Prince Ribbit (D:7)
  3 hippogriffs
  A wraith (D:11)
  A wyvern (D:9)
  A water moccasin (D:9)
  An orc warrior (D:11)
  3 ice beasts
  A necrophage (D:6)
  2 sky beasts
  5 ogres
  4 centaurs
  2 bullfrogs (D:7)
  3 scorpions
  A wyvern skeleton (D:9)
  6 killer bees (D:10)
  4 wights (D:9)
  5 crimson imps
  A quasit (D:10)
  A bullfrog zombie (D:7)
  4 hounds
  5 orc priests
  4 jellies
  3 centaur skeletons
  An iguana (D:10)
  6 orc wizards
  9 worker ants
  A hound zombie (D:5)
  A hound skeleton (D:4)
  A worker ant zombie (D:6)
  8 adders
  2 shadow imps (D:8)
  5 oozes (D:8)
  An adder skeleton (D:5)
  3 dart slugs
  4 leopard geckos
  26 orcs
  6 ball pythons
  8 bats
  A giant cockroach (D:1)
  5 goblins
  12 hobgoblins
  21 jackals
  5 quokkas
  3 frilled lizards
  10 kobolds
  A leopard gecko zombie (D:5)
  A quokka zombie (D:5)
  7 rats
215 creatures vanquished.

Vanquished Creatures (others)
  2 orcs (D:5)
  A plant (D:11)
3 creatures vanquished.

Grand Total: 218 creatures vanquished

Notes
Turn   | Place    | Note
-------+----------+-------------------------------------------
     0 | D:1      | Monzz the Centaur Hunter began the quest for the Orb.
     0 | D:1      | Reached XP level 1. HP: 17/17 MP: 1/1
    86 | D:1      | Reached XP level 2. HP: 24/24 MP: 2/2
   147 | D:1      | Reached skill level 6 in Bows
   290 | D:1      | HP: 1/24 [jackal (2)]
   657 | D:1      | Reached XP level 3. HP: 29/29 MP: 3/3
  1182 | D:2      | Reached skill level 7 in Bows
  1421 | D:2      | Reached XP level 4. HP: 33/36 MP: 4/4
  1902 | D:3      | Reached skill level 1 in Unarmed Combat
  2731 | D:4      | Reached skill level 8 in Bows
  2731 | D:4      | Reached XP level 5. HP: 41/41 MP: 5/5
  2854 | D:4      | Found a stormy altar of Qazlal.
  3170 | D:4      | Got a spiked large shield
  3190 | D:4      | Reached skill level 1 in Armour
  3295 | D:4      | Noticed an ogre
  3327 | D:4      | Killed an ogre
  3327 | D:4      | Reached skill level 9 in Bows
  3327 | D:4      | Reached XP level 6. HP: 13/48 MP: 6/6
  3736 | D:5      | Entered Level 5 of the Dungeon
  3834 | D:5      | Reached skill level 10 in Bows
  4170 | D:5      | Reached XP level 7. HP: 55/55 MP: 7/7
  4335 | D:5      | Found a staircase to the Ecumenical Temple.
  4345 | Temple   | Entered the Ecumenical Temple
  4391 | Temple   | Became a worshipper of Warmaster Okawaru
  4466 | D:5      | Noticed Pikel
  4479 | D:5      | Killed Pikel
  4479 | D:5      | Reached * piety under Okawaru
  4479 | D:5      | Reached ** piety under Okawaru
  4479 | D:5      | Reached skill level 11 in Bows
  4479 | D:5      | Reached XP level 8. HP: 38/61 MP: 8/8
  5314 | D:6      | Reached skill level 12 in Bows
  5315 | D:6      | Found a basalt altar of Yredelemnul.
  5388 | D:6      | Found an iron altar of Okawaru.
  6145 | D:7      | Reached *** piety under Okawaru
  6224 | D:7      | Received a gift from Okawaru
  6224 | D:7      | Reached skill level 13 in Bows
  6248 | D:7      | Noticed a hippogriff
  6259 | D:7      | Killed a hippogriff
  6345 | D:7      | Noticed Prince Ribbit
  6354 | D:7      | Reached XP level 9. HP: 35/67 MP: 9/9
  6389 | D:7      | Killed Prince Ribbit
  6389 | D:7      | Received a gift from Okawaru
  6787 | D:8      | Reached skill level 1 in Invocations
  6845 | D:8      | Reached skill level 14 in Bows
  6878 | D:8      | Got a faintly glowing silver ring
  6966 | D:8      | Identified the ring "Rowual" {rPois SInv} (You found it on
                  | level 8 of the Dungeon)
  7088 | D:8      | Noticed Erica
  7114 | D:8      | Killed Erica
  7114 | D:8      | Reached **** piety under Okawaru
  7395 | D:8      | Found Zuedieb's Antique Weapon Boutique.
  7598 | D:8      | Found a glowing golden altar of the Shining One.
  7609 | D:8      | Reached skill level 15 in Bows
  7616 | D:8      | Received a gift from Okawaru
  8168 | D:9      | Reached ***** piety under Okawaru
  8168 | D:9      | Received a gift from Okawaru
  8209 | D:9      | Reached XP level 10. HP: 78/78 MP: 11/11
  8302 | D:9      | Got a shimmering long sword
  8681 | D:9      | Received a gift from Okawaru
  9125 | D:10     | Entered Level 10 of the Dungeon
  9204 | D:10     | Found a staircase to the Orcish Mines.
  9334 | D:10     | Received a gift from Okawaru
  9448 | D:10     | Noticed an obsidian statue
  9511 | D:10     | Reached skill level 5 in Fighting
 10131 | D:11     | Received a gift from Okawaru
 10131 | D:11     | Reached skill level 5 in Unarmed Combat
 10315 | D:11     | Noticed Urug
 10610 | D:11     | Reached skill level 16 in Bows
 10877 | D:11     | Killed Urug
 11093 | D:11     | Found a staircase to the Lair.
 11205 | D:11     | Noticed a red ugly thing
 11229 | D:11     | Slain by a red ugly thing

Skill      XL: |  1  2  3  4  5  6  7  8  9 10 |
---------------+-------------------------------+-----
Bows           | 6 7 8 9 10 11 13 15 16 | 16.2
Unarmed Combat | 1 2 3 4 5 |  5.3
Armour         | 1 2 3 4 |  4.2
Invocations    | 2 3 |  3.9
Fighting       | 3 6 |  6.0
Dodging        | |  1.3
Stealth        | |  0.4
Evocations     | |  0.2

Action                   |  1- 3 |  4- 6 |  7- 9 | 10-12 || total
-------------------------+-------+-------+-------+-------++-------
Melee: Unarmed           |    60 |    44 |    23 |    11 ||   138
       Kick              |    11 |    14 |     6 |     4 ||    35
 Fire: Shortbow          |   114 |   182 |   363 |   246 ||   905
Evoke: Wand              |       |       |     2 |     9 ||    11
  Use: Scroll            |       |     3 |    11 |     7 ||    21
       Potion            |       |     4 |     1 |     2 ||     7
  Eat: Chunk             |     1 |     5 |    10 |     7 ||    23
Armor: Leather armour    |    27 |       |       |       ||    27
       Scale mail        |    14 |    38 |    52 |    19 ||   123
Dodge: Dodged            |    35 |    22 |    47 |    26 ||   130
